 Dungeon Crawl Stone Soup version 0.28-a0-268-g3f656e82c2 (webtiles) character file.

Game seed: 14057975605502296146

58 rabbitsville the Vexing (level 4, -3/41 HPs)
             Began as an Ogre Arcane Marksman on Aug 28, 2021.
             Slain by a worm (5 damage)
             ... on level 3 of the Dungeon.
             The game lasted 00:08:30 (3214 turns).

rabbitsville the Vexing (Ogre Arcane Marksman)      Turns: 3214, Time: 00:08:30

Health: -3/41      AC:  3    Str: 14    XL:     4   Next: 1%
Magic:  7/7        EV:  9    Int: 15    God:
Gold:   113        SH:  0    Dex:  9    Spells: 6/7 levels left

rFire   . . .      SeeInvis .   d - +0 dagger
rCold   . . .      Faith    .   (no shield)
rNeg    . . .      Spirit   .   a - +0 robe
rPois   +          Reflect  .   (helmet restricted)
rElec   .          Harm     .   (no cloak)
rCorr   .          Rampage  .   (gloves unavailable)
Will    .....                   (boots unavailable)
Stlth   +.........              (no amulet)
HPRegen 0.13/turn               h - ring of poison resistance
MPRegen 0.10/turn               (no ring)

@: no status effects
A: large, unfitting armour, tough skin 1
a: no special abilities


You were on level 3 of the Dungeon.
You visited 1 branch of the dungeon, and saw 3 of its levels.

You collected 113 gold pieces.

Inventory:

Hand Weapons
 d - a +0 dagger (weapon)
Missiles
 c - 2 throwing nets (quivered)
Armour
 a - a +0 robe (worn)
Jewellery
 h - a ring of poison resistance (left hand)
 j - a +6 ring of intelligence
Scrolls
 f - a scroll of amnesia
 g - a scroll of identify
 i - a scroll of enchant armour
Potions
 e - a potion of haste


   Skills:
 - Level 1.3 Fighting
 + Level 2.6 Throwing
 - Level 1.7 Dodging
 + Level 2.3 Spellcasting
 * Level 3.6 Hexes


You had 6 spell levels left.
You knew the following spells:

 Your Spells              Type           Power      Damage    Failure   Level
a - Corona                Hex            13%        N/A       4%          1

Your spell library contained the following spells:

 Spells                   Type           Power      Damage    Failure   Level
 Slow                     Hex            12%        N/A       8%          2
 Inner Flame              Hex/Fire       7%         N/A       30%         3
 Portal Projectile        Hex/Tloc       14%        N/A       30%         3
 Cause Fear               Hex            6%         N/A       43%         4


Dungeon Overview and Level Annotations

Branches:
Dungeon (3/15)

Altars:
Zin

Shops:
D:1 [


Innate Abilities, Weirdness & Mutations

You are too large for most types of armour.
You have tough skin. (AC +1)


Message History

You hit the worm.
The worm is moderately wounded.
The ball python completely misses you.
You completely miss the worm.
The worm is moderately wounded.
The ball python bites you but does no damage.
The worm bites you.
* * * LOW HITPOINT WARNING * * *
The ball python bites you but does no damage.
You hit the worm but do no damage.
The worm is moderately wounded.
The ball python bites you but does no damage.
The worm bites you but does no damage.
You hit the ball python.
The ball python is severely wounded.
The ball python bites you but does no damage.
The ball python bites you.
* * * LOW HITPOINT WARNING * * *
Throw: large rock
Press: ? - help, Q - select action, (/) - cycle Shift-Dir - straight line, f - ball python
Aim: a ball python (severely wounded, 50% to hit)
You throw a large rock. The large rock hits the ball python!
You kill the ball python!
You barely miss the worm.
The worm is lightly wounded.
The worm closely misses you.
You hit the worm.
The worm is lightly wounded.
You barely miss the worm.
The worm is lightly wounded.
The worm bites you!
* * * LOW HITPOINT WARNING * * *
You hit the worm.
The worm is lightly wounded.
You hit the worm but do no damage.
The worm is lightly wounded.
You hit the worm.
The worm is lightly wounded.
The worm bites you.
You die...

#.....#....
#........ #.#.....#
#.......# #####.###
#(# ##+## #.#
##...## #w###
##.....## #@#.##
##.(.....#
##....####........<
#........'.......>)
#.#...####.........
#.##.## ##.......#
#####.####
##.....## #.......#
##...##
#.###.#.#### ##+##
#.# #......# #.#


You could see a worm.

Vanquished Creatures
  An adder (D:2)
  2 dart slugs (D:1)
  7 ball pythons
  A bat (D:3)
  9 endoplasms
  A giant cockroach (D:2)
  2 goblins
  6 hobgoblins
  3 quokkas (D:2)
  2 frilled lizards
  5 kobolds
  A rat (D:1)
40 creatures vanquished.

Notes
Turn   | Place    | Note
-------+----------+-------------------------------------------
     0 | D:1      | rabbitsville the Ogre Arcane Marksman began the quest for
                  | the Orb.
     0 | D:1      | Reached XP level 1. HP: 19/19 MP: 2/2
     0 | D:1      | Noticed a palentonga
     2 | D:1      | Noticed a merfolk
     9 | D:1      | Noticed a vampire
    11 | D:1      | Noticed a naga
    11 | D:1      | Noticed a barachi
    13 | D:1      | Noticed a dwarf
    13 | D:1      | Noticed a minotaur
    14 | D:1      | Noticed a demonspawn
    16 | D:1      | Noticed a dwarf
    18 | D:1      | Noticed a felid
    18 | D:1      | Noticed a palentonga
    20 | D:1      | Noticed a dwarf
    24 | D:1      | Noticed a gargoyle
   601 | D:1      | Reached skill level 3 in Hexes
   601 | D:1      | Reached XP level 2. HP: 23/27 MP: 4/4
   980 | D:1      | Found Oskato's Antique Armour Shop.
  1070 | D:2      | Found a glowing silver altar of Zin.
  1266 | D:2      | Reached XP level 3. HP: 22/33 MP: 5/5
  3085 | D:3      | Reached XP level 4. HP: 38/41 MP: 7/7
  3209 | D:3      | HP: 2/41 [worm (10)]
  3214 | D:3      | Slain by a worm

Illustrated notes

Levels and vault maps discovered:
D:1:      shiori_arrival_whats_in_store_for_you, layout_loops_corners,
          serial_shops, shop, minmay_large_rounded_square,
          chequers_serial_rivers_marsh
D:2:      layout_basic, basic_altar, kennysheep_small_spiral
D:3:      layout_loops_corners

Skill      XL: |  1  2  3 |
---------------+----------+-----
Hexes          | 3 |  3.6
Spellcasting   | 2 |  2.3
Fighting       | |  1.3
Throwing       | |  2.6
Dodging        | |  1.7

Action                   |  1- 3 |  4- 6 || total
-------------------------+-------+-------++-------
Melee: Dagger            |   170 |    25 ||   195
       Unarmed           |     8 |       ||     8
Throw: Large rock        |    17 |     1 ||    18
  Use: Scroll            |     3 |       ||     3
Armor: Robe              |    51 |    13 ||    64
Dodge: Dodged            |    72 |    10 ||    82

Table legend: (Time is in decaauts)
 A = Elapsed time spent in this place.
 B = Non-inter-level travel time spent in this place.
 C = Inter-level travel time spent in this place.
 D = Time resting spent in this place.
 E = Time spent auto-exploring this place.
 F = Levels seen in this place.
 G = Mean time per level.
                   A        B        C        D        E       F      G
               +--------+--------+--------+--------+--------+-----+--------+
         Total |   3228 |   3177 |     51 |    229 |   2052 |   3 | 1076.0 |
       Dungeon |   3228 |   3177 |     51 |    229 |   2052 |   3 | 1076.0 |
               +--------+--------+--------+--------+--------+-----+--------+

Top non-repeatable levels by time:
     D:2: 1462 daAuts
     D:1: 1079 daAuts
     D:3: 686 daAuts
